[Event "November 21 Early 2023"]
[Site "https://www.chess.com"]
[Date "2023.11.21"]
[Round "5"]
[White "Herman, Daniel"]
[Black "Mangialardo, Tiago Carvalho"]
[Result "1-0"]
[Board "193"]
[TimeControl "180+1"]
[WhiteFideId "30935008"]
[BlackFideId "2130718"]
[WhiteElo "1897"]
[BlackElo "2149"]
[WhiteTeam "USA"]
[BlackTeam "BRA"]
[WhiteClock "0:00:06"]
[BlackClock "0:00:00"]

1. Nf3 Nf6 2. c4 g6 3. Nc3 Bg7 4. e4 d6 5. d4 O-O 6. h3 c5 7. d5 e6 8. Bd3 exd5 9. exd5 Re8+ 10. Be3 a6 11. O-O Nbd7 12. Qd2 Ne5 13. Nxe5 Rxe5 14. Bf4 Re8 15. Rfe1 Rxe1+ 16. Rxe1 Qc7 17. Bh6 Bh8 18. Qf4 Bd7 19. Bg5 Nh5 20. Qf3 Re8 21. Rxe8+ Bxe8 22. g4 Bxc3 23. bxc3 Ng7 24. Qf6 Ba4 25. Bf4 Ne8 26. Qg5 Qd7 27. Kg2 Bd1 28. Be3 Ng7 29. f3 Ne8 30. h4 Kf8 31. h5 Qe7 32. Qxe7+ Kxe7 33. Kg3 Nf6 34. Bg5 1-0

[Event "November 21 Early 2023"]
[Site "https://www.chess.com"]
[Date "2023.11.21"]
[Round "5"]
[White "Ghosh, Chanchal Kumer"]
[Black "Nguyen, Thi Mai Hung"]
[Result "0-1"]
[Board "194"]
[TimeControl "180+1"]
[WhiteFideId "10201858"]
[BlackFideId "12401676"]
[WhiteElo "2067"]
[BlackElo "2067"]
[WhiteTeam "BAN"]
[BlackTeam "VIE"]
[WhiteClock "0:00:00"]
[BlackClock "0:00:20"]

1. e4 e6 2. Nf3 d5 3. Nc3 c5 4. d4 Nc6 5. exd5 exd5 6. Bb5 Nf6 7. Ne5 Qb6 8. dxc5 Qxc5 9. O-O Be7 10. Be3 Qd6 11. Bf4 Qc5 12. Nd3 Qb6 13. Re1 Be6 14. Bg3 O-O 15. Nf4 Bg4 16. Qd2 d4 17. Bxc6 dxc3 18. bxc3 Qxc6 19. Rxe7 Rfd8 20. Qe3 b6 21. h3 Bf5 22. Re1 h6 23. Nd3 Nd5 24. Qf3 Nxe7 25. Rxe7 Qxf3 26. gxf3 Rd7 27. Re3 Rc8 28. Be5 Bxh3 29. f4 Bf5 30. Bd4 Rc6 31. Ne5 Rxd4 0-1

[Event "November 21 Early 2023"]
[Site "https://www.chess.com"]
[Date "2023.11.21"]
[Round "5"]
[White "Gallegos Diaz, Carlos Alberto"]
[Black "Feliz Dotel, Dewar Bienvenido"]
[Result "0-1"]
[Board "195"]
[TimeControl "180+1"]
[WhiteFideId "3900886"]
[BlackFideId "6402801"]
[WhiteElo "2362"]
[BlackElo "2069"]
[WhiteTeam "VEN"]
[BlackTeam "DOM"]
[WhiteClock "0:00:00"]
[BlackClock "0:00:02"]

1. e4 e5 2. Nf3 Nc6 3. Bb5 Nf6 4. Qe2 Bd6 5. c3 O-O 6. O-O Re8 7. d3 a6 8. Ba4 b5 9. Bb3 Na5 10. Bc2 c5 11. Bg5 Nc6 12. Re1 h6 13. Bh4 Be7 14. Nbd2 d6 15. Nf1 Bg4 16. Ne3 Be6 17. a4 b4 18. Rad1 Rc8 19. d4 exd4 20. cxd4 cxd4 21. Nxd4 Nxd4 22. Rxd4 b3 23. Bb1 Qb6 24. Red1 Rc6 25. h3 Rec8 26. Nd5 Bxd5 27. exd5 R6c7 28. Rf4 Rc1 29. Kh2 Rxd1 30. Qxd1 Qc7 31. Qd3 g6 32. Bxf6 Bxf6 33. Rxf6 Qe7 34. Rf3 Qe5+ 35. g3 Rc1 36. Rxf7 Kxf7 37. Qxg6+ Ke7 38. Bf5 Qe1 39. Qg7+ Ke8 40. Qg8+ Ke7 41. Qg7+ Ke8 42. Qg8+ Ke7 43. Qh7+ Kf6 44. Qg6+ Ke5 45. Qe6+ Kd4 46. Qf6+ Kc5 0-1

[Event "November 21 Early 2023"]
[Site "https://www.chess.com"]
[Date "2023.11.21"]
[Round "5"]
[White "Dishman, Stephen"]
[Black "Mirza, Diana"]
[Result "1-0"]
[Board "196"]
[TimeControl "180+1"]
[WhiteFideId "403024"]
[BlackFideId "2503999"]
[WhiteElo "2204"]
[BlackElo "1813"]
[WhiteTeam "ENG"]
[BlackTeam "IRL"]
[WhiteClock "0:00:20"]
[BlackClock "0:00:17"]

1. d4 Nf6 2. Bg5 h6 3. Bxf6 exf6 4. c4 Bb4+ 5. Nc3 O-O 6. Nf3 c6 7. Qb3 Be7 8. g3 Na6 9. Bg2 Nc7 10. d5 Bc5 11. O-O Rb8 12. Rad1 b5 13. dxc6 d6 14. cxb5 a6 15. a4 axb5 16. axb5 Ba6 17. Ne4 Rxb5 18. Qa2 Qb8 19. Nxd6 Rxb2 20. Qa5 Bxe2 21. Qxc5 Bxf1 22. Bxf1 Ne6 23. Qc1 Qb6 24. Qe3 Qxc6 25. Bc4 Rd8 26. Bxe6 Rxd6 27. Rxd6 Qxd6 28. Bc4 Rb1+ 29. Kg2 Qc6 30. Bd3 Rb3 31. Be4 Rxe3 32. Bxc6 Rc3 33. Be4 g6 34. g4 Kg7 35. Kg3 Rc4 36. Bd5 Rc2 37. h4 Rb2 38. h5 g5 39. Nd4 Rd2 40. Nf5+ Kh7 41. Bxf7 Rd3+ 42. f3 Rd1 43. Bg6+ Kg8 44. Nxh6+ Kg7 45. Nf5+ Kg8 46. h6 Rd7 47. h7+ Kh8 48. Kf2 Rg7 49. Nxg7 Kxg7 50. Bf5 Kh8 51. Ke3 Kg7 52. Ke4 Kh8 53. Kd5 Kg7 54. Be4 Kh8 55. Ke6 Kg7 56. Kf5 Kh8 57. Bd5 Kg7 58. Bc4 Kh8 59. Kxf6 Kxh7 60. Kxg5 Kh8 61. f4 Kg7 62. f5 Kh8 63. Kf6 Kh7 64. g5 Kh8 65. Kf7 Kh7 66. Bd3 Kh8 67. Kf6 Kh7 68. Kf7 Kh8 69. Kg6 Kg8 70. Kh6 Kh8 71. g6 Kg8 72. Bc4+ Kh8 73. g7# 1-0

[Event "November 21 Early 2023"]
[Site "https://www.chess.com"]
[Date "2023.11.21"]
[Round "5"]
[White "Zepeda Berlanga, Jan Enrique"]
[Black "secrethawk1"]
[Result "0-1"]
[Board "197"]
[TimeControl "180+1"]
[WhiteFideId "5132355"]
[WhiteElo "1680"]
[BlackElo "2376"]
[WhiteTeam "MEX"]
[WhiteClock "0:00:05"]
[BlackClock "0:01:05"]

1. e4 c5 2. Nf3 e6 3. Nc3 Nc6 4. d3 Nf6 5. Bg5 d6 6. Be2 Be7 7. Qd2 h6 8. Bxf6 Bxf6 9. O-O O-O 10. a4 a6 11. Rfd1 Rb8 12. Bf1 b5 13. axb5 axb5 14. h3 d5 15. exd5 exd5 16. d4 c4 17. g3 Re8 18. Bg2 Bf5 19. Nh4 Bxh4 20. gxh4 Qxh4 21. Nxd5 Rbd8 22. c3 Bxh3 23. Nf4 Bxg2 24. Nxg2 Qg4 25. Ra6 Ne5 26. Kf1 Nf3 27. Qc2 Nh2+ 28. Kg1 Re2 29. Rd2 Nf3+ 30. Kf1 Rxd2 0-1

[Event "November 21 Early 2023"]
[Site "https://www.chess.com"]
[Date "2023.11.21"]
[Round "5"]
[White "Skiadopoulos, Nikolaos"]
[Black "Golubenko, Valentina"]
[Result "1-0"]
[Board "198"]
[TimeControl "180+1"]
[WhiteFideId "4200772"]
[BlackFideId "4501993"]
[WhiteElo "2022"]
[BlackElo "2126"]
[WhiteTeam "GRE"]
[BlackTeam "CRO"]
[WhiteClock "0:00:09"]
[BlackClock "0:00:04"]

1. b4 e6 2. Bb2 d5 3. Nf3 Nf6 4. b5 Be7 5. e3 c5 6. Be2 O-O 7. O-O a6 8. a4 axb5 9. axb5 Rxa1 10. Bxa1 Nbd7 11. c4 b6 12. d4 dxc4 13. Bxc4 Bb7 14. Nbd2 Qc7 15. Be2 Nd5 16. dxc5 Nxc5 17. Qc2 Rc8 18. Be5 Qd8 19. Qb2 Bf6 20. Rd1 Na4 21. Qd4 Nac3 22. Kf1 Nxe2 23. Kxe2 Nc3+ 24. Ke1 Nxd1 25. Kxd1 Bxe5 26. Nxe5 Qxd4 27. exd4 Bxg2 28. f3 Bh3 29. Nc6 Bf5 30. Ne7+ Kf8 31. Nxc8 Ke8 32. Nxb6 Kd8 33. Nbc4 Kc7 34. Ne4 Bh3 35. Kd2 f5 36. Nc5 Bf1 37. Ne3 Bxb5 38. Nxe6+ Kd6 39. Nxg7 f4 40. Ng2 Kd5 41. Nxf4+ Kxd4 42. Nge6+ Ke5 43. Ke3 Bd7 44. Nd4 Kf6 45. Nd5+ Ke5 46. Nf4 Kf6 47. Nh5+ Kg5 48. Ng3 Kf6 49. f4 Bc8 50. Ne4+ Kg7 51. f5 Kf7 52. Kf4 Ke7 53. Ke5 Kf7 54. Nd6+ Kg7 55. Nxc8 Kf8 56. Nd6 Kg7 57. Ne6+ Kh8 58. f6 Kg8 59. f7+ 1-0

[Event "November 21 Early 2023"]
[Site "https://www.chess.com"]
[Date "2023.11.21"]
[Round "5"]
[White "dumbernugget"]
[Black "Estrada Nieto, Julian"]
[Result "1/2-1/2"]
[Board "199"]
[TimeControl "180+1"]
[BlackFideId "5101018"]
[WhiteElo "1836"]
[BlackElo "2161"]
[BlackTeam "ESP"]
[WhiteClock "0:00:20"]
[BlackClock "0:00:03"]

1. d4 Nf6 2. c4 e6 3. Nc3 c5 4. d5 exd5 5. cxd5 d6 6. e4 g6 7. f4 Bg7 8. Bb5+ Nfd7 9. Nf3 O-O 10. O-O Re8 11. Re1 a6 12. Bf1 b5 13. Qc2 Qc7 14. a4 b4 15. Nd1 a5 16. Ne3 Ba6 17. Nc4 Nb6 18. Nxb6 Qxb6 19. Bc4 Nd7 20. Kh1 Bxc4 21. Qxc4 Re7 22. Re2 Qa6 23. Qxa6 Rxa6 24. Rb1 f5 25. Ng5 Nf6 26. e5 dxe5 27. Ne6 Nxd5 28. Nxc5 Rc6 29. Nb3 Ra6 30. fxe5 Rxe5 31. Rxe5 Bxe5 32. Bg5 Nb6 33. Nc5 Ra8 34. b3 Nd5 35. Rd1 Nc3 36. Rd8+ Rxd8 37. Bxd8 Bd4 38. Nd3 Ne4 39. Bxa5 Nd2 40. Bxb4 Nxb3 41. a5 Kf7 42. a6 Ke6 43. Nf4+ Kd7 44. Nd5 Ba7 45. Nf6+ Kc6 46. Nxh7 Kb5 47. Bc3 Kxa6 48. Nf8 g5 49. Bd2 g4 50. g3 Nxd2 51. Kg2 Be3 52. Ng6 Ne4 53. Ne7 Nd6 54. Ng6 Bd4 55. h3 Bf6 56. hxg4 fxg4 57. Nf4 Kb6 58. Nh5 Be7 59. Nf4 Kc6 60. Ng6 Kd7 61. Ne5+ Ke6 62. Nxg4 Nf5 63. Kf3 Bd6 64. Ne3 Nxg3 65. Kf2 Nh5 66. Kf3 Nf6 67. Ke2 Bc5 68. Kf3 Ke5 69. Ng4+ Kf5 70. Nxf6 1/2-1/2

[Event "November 21 Early 2023"]
[Site "https://www.chess.com"]
[Date "2023.11.21"]
[Round "5"]
[White "Filippova, Margarita"]
[Black "cycygogne"]
[Result "1-0"]
[Board "200"]
[TimeControl "180+1"]
[WhiteFideId "34199680"]
[WhiteElo "1916"]
[BlackElo "2265"]
[WhiteTeam "RUS"]
[WhiteClock "0:02:08"]
[BlackClock "0:01:32"]

1. e4 d5 2. exd5 Qxd5 3. Nc3 Qd6 4. d4 Nf6 5. h3 Bf5 6. Nf3 e6 7. Bd3 Bxd3 8. Qxd3 Nc6 9. O-O O-O-O 10. Nb5 Qd7 11. Rd1 a6 12. Na3 Kb8 13. Nc4 Nb4 14. Qe2 Qd5 15. c3 Nc6 16. a4 h6 17. b4 g5 18. Nfe5 Nxe5 19. Nxe5 Ne4 20. Bb2 Bd6 21. c4 Qc6 22. Nxc6+ 1-0

[Event "November 21 Early 2023"]
[Site "https://www.chess.com"]
[Date "2023.11.21"]
[Round "5"]
[White "Burovic00"]
[Black "Dwilewicz, Katarzyna"]
[Result "1-0"]
[Board "201"]
[TimeControl "180+1"]
[BlackFideId "1148486"]
[WhiteElo "2215"]
[BlackElo "2098"]
[BlackTeam "POL"]
[WhiteClock "0:00:08"]
[BlackClock "0:00:00"]

1. e4 c6 2. d3 d5 3. Nd2 e5 4. Ngf3 Bd6 5. g3 Nf6 6. Bg2 O-O 7. O-O Re8 8. Re1 h6 9. b3 Bg4 10. Bb2 Nbd7 11. h3 Bh5 12. a3 a5 13. Qe2 Qc7 14. Qf1 Bg6 15. Nh4 Bh7 16. Nf5 Bxf5 17. exf5 Re7 18. Rad1 Rae8 19. Qe2 b6 20. g4 e4 21. dxe4 dxe4 22. Nc4 Bf4 23. Ne3 Ne5 24. Kh1 Ned7 25. Nc4 b5 26. Ne3 Be5 27. c3 Nc5 28. Qc2 Bf4 29. b4 Nd3 30. Rf1 a4 31. Bc1 Be5 32. c4 Bd4 33. cxb5 cxb5 34. Qxc7 Rxc7 35. Bd2 Bb2 36. Kg1 Bxa3 37. Rb1 Bb2 38. Rfd1 a3 39. Bf1 a2 40. Ra1 Bxa1 41. Rxa1 Rd8 42. Rxa2 Ne5 43. Be2 Nd5 44. Kg2 Nf4+ 45. Kf1 Nxe2 46. Kxe2 Nc4 47. Nxc4 bxc4 48. Rc2 Rd3 49. Bc3 Ra7 50. Bd2 c3 51. Rxc3 Rxc3 52. Bxc3 Rb7 53. Kd2 Kf8 54. Ke3 g6 55. Kxe4 Ke8 56. fxg6 fxg6 57. f4 Re7+ 58. Be5 Kd7 59. Kd5 Re8 60. f5 gxf5 61. gxf5 Rf8 62. f6 Rf7 63. b5 Rf8 64. b6 Ra8 65. b7 Ra5+ 66. Ke4 Rb5 67. b8=Q 1-0

[Event "November 21 Early 2023"]
[Site "https://www.chess.com"]
[Date "2023.11.21"]
[Round "5"]
[White "missponyo10"]
[Black "KorolDimitriy75"]
[Result "0-1"]
[Board "202"]
[TimeControl "180+1"]
[WhiteElo "2177"]
[BlackElo "2323"]
[WhiteClock "0:01:08"]
[BlackClock "0:00:11"]

1. e4 c5 2. Nf3 d6 3. d4 cxd4 4. Nxd4 Nf6 5. Nc3 g6 6. f4 Nbd7 7. Nf3 Bg7 8. Bc4 O-O 9. O-O b5 10. Bxb5 Nxe4 11. Nxe4 Qb6+ 12. Kh1 Qxb5 13. c3 Ba6 14. Re1 Rfe8 15. a4 Qc6 16. Qc2 Rab8 17. Rb1 d5 18. Nf2 e6 19. Bd2 Rec8 20. b4 Bb7 21. Rec1 d4 22. Nd1 dxc3 23. Nxc3 Nb6 24. Qd1 Qd7 25. a5 Nc4 26. Rc2 Rd8 27. Be1 Qxd1 28. Nxd1 Na3 29. Rcc1 Nxb1 30. Rxb1 Bxf3 31. gxf3 Rd4 32. Bg3 Rdxb4 33. Rxb4 Rxb4 34. Ne3 Ra4 35. Be1 Ra1 36. Ng2 Bc3 37. Kg1 Bxe1 38. Kf1 Bxa5+ 39. Ke2 Bb6 40. Kd3 Ra2 41. Ke4 Rxg2 42. Ke5 Rxh2 43. Kf6 Rf2 44. Ke7 Rxf3 45. Kd7 Rxf4 46. Ke8 Rf5 47. Ke7 h5 48. Kd7 h4 49. Ke8 h3 50. Ke7 h2 51. Kd7 h1=Q 52. Ke8 Qc6+ 53. Ke7 Bc5+ 54. Kd8 Rd5# 0-1

[Event "November 21 Early 2023"]
[Site "https://www.chess.com"]
[Date "2023.11.21"]
[Round "5"]
[White "Osiecki, Stanislaw"]
[Black "Goswami, Vedant"]
[Result "1-0"]
[Board "203"]
[TimeControl "180+1"]
[WhiteFideId "1102990"]
[BlackFideId "5003725"]
[WhiteElo "2048"]
[BlackElo "2011"]
[WhiteTeam "POL"]
[BlackTeam "IND"]
[WhiteClock "0:01:18"]
[BlackClock "0:00:00"]

1. e4 Nc6 2. d4 d5 3. e5 Bf5 4. c3 e6 5. Bd3 Bxd3 6. Qxd3 f5 7. exf6 Qxf6 8. Nf3 Bd6 9. O-O Nge7 10. Bg5 Qf5 11. Qxf5 Nxf5 12. Re1 Kd7 13. b4 h6 14. Bd2 Rae8 15. Na3 g5 16. h3 a6 17. Nc2 e5 18. Ne3 Nxe3 19. fxe3 e4 20. Nh2 Bxh2+ 21. Kxh2 b5 22. a4 Rhf8 23. axb5 axb5 24. Rf1 Nd8 25. Kg3 Ne6 26. Rxf8 Rxf8 27. Ra5 Kc6 28. Ra6+ Kd7 29. Ra5 c6 30. Ra7+ Kd6 31. Kg4 Rf2 32. Be1 Rxg2+ 33. Kh5 Rh2 34. Bg3+ 1-0

[Event "November 21 Early 2023"]
[Site "https://www.chess.com"]
[Date "2023.11.21"]
[Round "5"]
[White "Seletsky, Grigory"]
[Black "Elbebiber"]
[Result "1-0"]
[Board "204"]
[TimeControl "180+1"]
[WhiteFideId "14112191"]
[WhiteElo "2482"]
[BlackElo "2136"]
[WhiteTeam "UKR"]
[WhiteClock "0:01:15"]
[BlackClock "0:00:00"]

1. b3 d5 2. Bb2 Bf5 3. e3 e6 4. Bd3 Bg6 5. f4 Nd7 6. Nf3 Ngf6 7. O-O Ne4 8. Ne5 Nxe5 9. fxe5 f5 10. exf6 Nxf6 11. Nc3 Bxd3 12. cxd3 Be7 13. d4 O-O 14. Qe2 Rc8 15. Rac1 c6 16. Qd3 Qe8 17. Rf3 Qg6 18. Qxg6 hxg6 19. Rg3 Kh7 20. Rf1 Nh5 21. Rgf3 Rxf3 22. gxf3 Rf8 23. Na4 Nf6 24. Nc5 Bxc5 25. dxc5 Nd7 26. b4 e5 27. Kg2 g5 28. a3 Kg6 29. h3 Rf7 30. Bc3 a6 31. Rh1 Rf8 32. h4 gxh4 33. Rxh4 Kf7 34. d4 Ke6 35. Rg4 Rf7 36. Rg6+ 1-0

[Event "November 21 Early 2023"]
[Site "https://www.chess.com"]
[Date "2023.11.21"]
[Round "5"]
[White "Fernandez Hernandez, Gerardo"]
[Black "RodokininEV"]
[Result "0-1"]
[Board "205"]
[TimeControl "180+1"]
[WhiteFideId "2207400"]
[WhiteElo "2115"]
[BlackElo "2516"]
[WhiteTeam "ESP"]
[WhiteClock "0:00:54"]
[BlackClock "0:01:31"]

1. e4 c5 2. d3 Nc6 3. g3 g6 4. Bg2 Bg7 5. f4 d6 6. Nf3 e6 7. O-O Nge7 8. c3 O-O 9. Be3 Rb8 10. d4 b6 11. dxc5 bxc5 12. Qe2 Qb6 13. b3 Ba6 14. Qd2 Bxf1 15. Bxf1 Qa5 16. Qxd6 Rfd8 17. Qxc5 Qxc5 18. Bxc5 Rd1 19. e5 Nd5 20. Ba3 Nxc3 21. Bb2 Nxb1 22. Kf2 Rbd8 23. Be2 Bf8 24. Bxd1 Rxd1 25. Ke2 Rh1 26. a4 a5 27. h4 Nb4 28. Bd4 Nc2 29. Ra2 Nxd4+ 30. Nxd4 Nc3+ 0-1

[Event "November 21 Early 2023"]
[Site "https://www.chess.com"]
[Date "2023.11.21"]
[Round "5"]
[White "udithj22"]
[Black "Mystery2007"]
[Result "0-1"]
[Board "206"]
[TimeControl "180+1"]
[WhiteElo "2104"]
[BlackElo "2501"]
[WhiteClock "0:00:14"]
[BlackClock "0:00:09"]

1. d4 g6 2. e4 Bg7 3. Nc3 d6 4. Be3 Nf6 5. f3 O-O 6. Qd2 c6 7. O-O-O b5 8. Kb1 b4 9. Nce2 a5 10. Bh6 Qc7 11. h4 e5 12. g4 Be6 13. h5 Na6 14. hxg6 fxg6 15. Bxg7 Qxg7 16. dxe5 dxe5 17. Qd6 Bf7 18. Nc1 Ra7 19. Qxe5 Re8 20. Qf4 Nc5 21. Qe3 Na4 22. g5 Nd5 23. Qd4 Ndc3+ 24. bxc3 Nxc3+ 25. Ka1 Nxd1 26. Qxg7+ Kxg7 27. Bd3 Nf2 28. Rh2 Nxd3 29. Nxd3 Rd7 30. Ne2 Bc4 31. Nef4 Bxd3 32. cxd3 Re5 33. Rh4 Kg8 34. Rg4 Rf7 35. Kb2 Rc5 36. d4 Rc3 37. d5 cxd5 38. Nxd5 Rcxf3 39. Nf6+ Kg7 40. e5 Re3 41. Rh4 Kf8 42. Nxh7+ Ke7 43. Nf6 Rxe5 44. Rd4 Rxf6 45. gxf6+ Kxf6 46. Rd6+ Kf5 47. a3 bxa3+ 48. Kxa3 g5 49. Rd8 g4 50. Rf8+ Ke4 51. Rg8 Kf3 52. Kb3 g3 53. Kc3 Rd5 54. Rg6 g2 55. Rg7 Kf2 56. Rf7+ Ke1 57. Rg7 Kf1 58. Rf7+ Kg1 59. Rg7 a4 60. Kb4 Rd4+ 61. Kc3 Rf4 62. Rg6 Kf1 63. Rg5 g1=Q 64. Rxg1+ Kxg1 0-1

[Event "November 21 Early 2023"]
[Site "https://www.chess.com"]
[Date "2023.11.21"]
[Round "5"]
[White "Nikulina, Alena"]
[Black "Ongut, Tamas Gunes"]
[Result "0-1"]
[Board "208"]
[TimeControl "180+1"]
[WhiteFideId "4172051"]
[BlackFideId "770280"]
[WhiteElo "1627"]
[BlackElo "2148"]
[WhiteTeam "RUS"]
[BlackTeam "HUN"]
[WhiteClock "0:00:18"]
[BlackClock "0:00:15"]

1. e4 d5 2. exd5 Qxd5 3. Nc3 Qa5 4. d4 Nc6 5. Nf3 Bg4 6. h3 Bxf3 7. Qxf3 O-O-O 8. Bd3 Nxd4 9. Qxf7 Nf6 10. O-O e5 11. Bg5 Qb6 12. Bxf6 gxf6 13. Nd5 Qd6 14. Nxf6 Bh6 15. Ne4 Qc6 16. Qh5 Rhg8 17. c3 Nb3 18. axb3 Rxd3 19. Ng3 Bf4 20. Rxa7 Kb8 21. Rfa1 b6 22. Qxh7 Rgd8 23. Ra8+ Qxa8 24. Rxa8+ Kxa8 25. Qxc7 Rd1+ 26. Kh2 R8d6 27. Qc8+ Ka7 28. Qc4 R1d2 29. Qa4+ Kb7 30. Qe4+ Ka7 31. c4 Rxf2 32. Qh7+ Ka6 33. Qc7 Rd3 34. Qc8+ Ka5 35. Qa8+ Kb4 36. Qf8+ Kxb3 37. Qa3+ Kc2 38. Qa4+ Kxb2 39. Qb4+ Kc1 40. Qe1+ Rd1 41. Qxf2 Rd3 42. Qe1+ Kc2 43. Qe2+ Kc3 44. Qe1+ Kxc4 45. h4 Kd5 46. h5 Ke6 47. h6 Bxg3+ 48. Qxg3 Rxg3 49. Kxg3 Kf6 50. Kf3 b5 51. Ke4 b4 52. g4 b3 53. Kd3 e4+ 54. Kc3 e3 55. g5+ Kg6 56. Kxb3 e2 57. Kc2 e1=Q 0-1

[Event "November 21 Early 2023"]
[Site "https://www.chess.com"]
[Date "2023.11.21"]
[Round "5"]
[White "FunnyDuck66"]
[Black "Samarth J Rao"]
[Result "1-0"]
[Board "209"]
[TimeControl "180+1"]
[BlackFideId "46652370"]
[WhiteElo "2462"]
[BlackElo "1564"]
[BlackTeam "IND"]
[WhiteClock "0:00:04"]
[BlackClock "0:00:00"]

1. d4 Nf6 2. Nf3 e6 3. Bg5 d5 4. Nbd2 Nbd7 5. e3 h6 6. Bh4 Bd6 7. Bd3 c5 8. c3 Qb6 9. Rb1 e5 10. dxe5 Bxe5 11. Nxe5 Nxe5 12. Bc2 Bg4 13. f3 Bd7 14. O-O Bb5 15. Ba4 g5 16. Bg3 Nc6 17. Bxb5 Qxb5 18. Qc2 Ne7 19. c4 dxc4 20. Nxc4 O-O 21. e4 Ng6 22. Nd6 Qc6 23. Qc3 Nh5 24. Nf5 Rad8 25. Rbd1 b6 26. Nxh6+ Kh7 27. Nf5 Qe6 28. Bd6 Ngf4 29. Kh1 Rg8 30. Bc7 Rd7 31. Rxd7 Qxd7 32. Be5 Ne2 33. Qc4 Nef4 34. g4 f6 35. Bc3 Ng7 36. Ng3 Qe7 37. Rd1 Nge6 38. Nf5 Qf7 39. Qb5 Qg6 40. Rd7+ Kh8 41. Qc6 Ng7 42. Bxf6 1-0

[Event "November 21 Early 2023"]
[Site "https://www.chess.com"]
[Date "2023.11.21"]
[Round "5"]
[White "AKINSEYE, Akinleye"]
[Black "Martin, Lewis"]
[Result "0-1"]
[Board "211"]
[TimeControl "180+1"]
[WhiteFideId "8504458"]
[BlackFideId "410551"]
[WhiteElo "1906"]
[BlackElo "2145"]
[WhiteTeam "NGR"]
[BlackTeam "ENG"]
[WhiteClock "0:00:00"]
[BlackClock "0:01:16"]

1. e4 c6 2. d4 d5 3. exd5 cxd5 4. Nf3 Nf6 5. Bd3 Nc6 6. c3 Bg4 7. O-O e6 8. Bg5 Be7 9. Nbd2 O-O 10. Qc2 h6 11. Bh4 Bxf3 12. Nxf3 Rc8 13. Qe2 Ne8 14. Bxe7 Qxe7 15. Rfe1 Nd6 16. Ne5 g6 17. Qg4 Nxe5 18. Rxe5 Qf6 19. Rae1 Kg7 20. h4 b5 21. a3 a5 22. h5 g5 23. Bb1 Nc4 24. R1e2 Nxe5 25. dxe5 Qf4 26. Qxf4 gxf4 27. f3 f6 28. exf6+ Kxf6 29. Kf2 b4 30. axb4 axb4 31. cxb4 Rb8 32. Bd3 Rxb4 33. g3 fxg3+ 34. Kxg3 Rfb8 35. Bg6 Rxb2 36. Re1 e5 37. Rc1 R8b6 38. Rc8 R6b3 39. Rf8+ Ke6 0-1

[Event "November 21 Early 2023"]
[Site "https://www.chess.com"]
[Date "2023.11.21"]
[Round "5"]
[White "Adithya A Chullikkad"]
[Black "Lohani, Sujana"]
[Result "0-1"]
[Board "212"]
[TimeControl "180+1"]
[WhiteFideId "45078734"]
[BlackFideId "12311987"]
[WhiteElo "2042"]
[BlackElo "1718"]
[WhiteTeam "IND"]
[BlackTeam "NEP"]
[WhiteClock "0:00:02"]
[BlackClock "0:00:05"]

1. d4 g6 2. e4 Bg7 3. Nf3 d6 4. Nc3 Nf6 5. Bc4 O-O 6. O-O Nxe4 7. Bxf7+ Rxf7 8. Nxe4 h6 9. Qd3 Kh7 10. Ng3 Nc6 11. Nh4 Rf6 12. Nh5 e5 13. Nxf6+ Qxf6 14. Nf3 exd4 15. Bd2 Bf5 16. Qb3 b6 17. Qd5 Bd7 18. Rae1 Rf8 19. Re4 Ne7 20. Qb7 Bc6 21. Qxc7 Bxe4 22. Ne1 Nc6 23. f3 Rf7 24. Qc8 Bd5 25. c4 dxc3 26. Bxc3 Qf4 27. Bxg7 Kxg7 28. Kh1 Qe3 29. Qg4 Qe2 30. Kg1 Ne5 31. Qd4 Bc6 32. f4 Bb5 33. Qf2 Qxf1+ 34. Qxf1 Bxf1 35. Kxf1 Rxf4+ 36. Kg1 Re4 37. Kf2 Rb4 38. b3 a5 39. Nc2 Rb5 40. Nd4 Rd5 41. Ne6+ Kf6 42. Nf4 Rd2+ 43. Kg3 Rxa2 44. h4 Ra3 45. Kh3 Rxb3+ 46. g3 a4 47. h5 gxh5 48. Nd5+ Kg5 49. Nc7 a3 50. Ne6+ Kf6 51. Nf4 a2 52. Nxh5+ Ke7 53. Nf4 a1=Q 54. Nd5+ Kd8 55. Nf6 Qc3 56. Ne4 Qf3 57. Kh4 Qxe4+ 58. Kh5 Qg4+ 59. Kxh6 Qg6# 0-1

[Event "November 21 Early 2023"]
[Site "https://www.chess.com"]
[Date "2023.11.21"]
[Round "5"]
[White "Odeh, Kenneth"]
[Black "Andreassen, Lars"]
[Result "1/2-1/2"]
[Board "213"]
[TimeControl "180+1"]
[WhiteFideId "8500142"]
[BlackFideId "1504878"]
[WhiteElo "2031"]
[BlackElo "2119"]
[WhiteTeam "NGR"]
[BlackTeam "NOR"]
[WhiteClock "0:00:42"]
[BlackClock "0:01:40"]

1. e4 d6 2. d4 Nf6 3. Nc3 e5 4. dxe5 dxe5 5. Qxd8+ Kxd8 6. Nf3 Bd6 7. Bg5 Be6 8. O-O-O Nd7 9. Nb5 Ke7 10. Nxd6 cxd6 11. Bb5 Rhd8 12. Bxd7 Rxd7 13. Rd2 Rc8 14. Kb1 b5 15. Rhd1 Rc4 16. Re2 Rdc7 17. c3 a5 18. Nd2 R4c5 19. f3 a4 20. a3 h6 21. Bxf6+ gxf6 22. Nf1 Bc4 23. Red2 Bxf1 24. Rxf1 R5c6 25. Rd5 Rb6 26. Rfd1 Rc8 27. R5d3 Rg8 28. g4 h5 29. h3 hxg4 30. fxg4 Rh8 31. Rf1 Rh6 32. Rdf3 Ke6 33. Rf5 d5 34. exd5+ Kxd5 35. h4 Rxh4 36. Rxf6 Rxf6 37. Rxf6 Rxg4 38. Rxf7 e4 39. Kc2 Rg2+ 40. Kc1 Kc4 41. Re7 Kd3 42. Rd7+ Ke3 43. Rd5 Rg1+ 44. Kc2 Rg2+ 45. Kc1 Ke2 46. Rxb5 e3 47. Re5 Kd3 48. Rd5+ Ke2 49. Re5 Kd3 50. Rd5+ Ke2 51. Re5 1/2-1/2

[Event "November 21 Early 2023"]
[Site "https://www.chess.com"]
[Date "2023.11.21"]
[Round "5"]
[White "GMT4114"]
[Black "Pasmendjambvirgulptipon98"]
[Result "0-1"]
[Board "214"]
[TimeControl "180+1"]
[WhiteElo "1959"]
[BlackElo "2203"]
[WhiteClock "0:00:00"]
[BlackClock "0:00:45"]

1. e4 e5 2. Bc4 Nf6 3. d3 c6 4. Nf3 d5 5. Bb3 a5 6. a4 Bb4+ 7. c3 Bd6 8. O-O O-O 9. Nbd2 Bg4 10. h3 Bh5 11. Re1 Nbd7 12. Nf1 Nc5 13. Bc2 Re8 14. Ng3 Bg6 15. Qe2 Qc7 16. Bg5 Nh5 17. Nh4 Nxg3 18. fxg3 dxe4 19. dxe4 Ne6 20. Be3 Bc5 21. Qf2 Qb6 22. Nxg6 hxg6 23. Bxc5 Qxc5 24. Qxc5 Nxc5 25. Red1 Red8 26. Kf2 Kf8 27. Ke2 Ke7 28. b4 axb4 29. cxb4 Ne6 30. Rxd8 Rxd8 31. Ra2 Rd4 32. Rb2 g5 33. b5 Nc5 34. bxc6 bxc6 35. a5 Nxe4 0-1

[Event "November 21 Early 2023"]
[Site "https://www.chess.com"]
[Date "2023.11.21"]
[Round "5"]
[White "kingapolak"]
[Black "Saim, Mohamed Ilias"]
[Result "0-1"]
[Board "215"]
[TimeControl "180+1"]
[BlackFideId "7900465"]
[WhiteElo "2185"]
[BlackElo "2063"]
[BlackTeam "ALG"]
[WhiteClock "0:00:00"]
[BlackClock "0:01:02"]

1. e4 c6 2. d4 d5 3. Nc3 a6 4. Nf3 Bg4 5. h3 Bh5 6. exd5 cxd5 7. Bf4 Nc6 8. Be2 e6 9. O-O Bd6 10. Ne5 Bxe2 11. Nxe2 Nf6 12. c3 Nh5 13. Bh2 Qc7 14. f4 Nf6 15. Nc1 Ne4 16. Ncd3 Bxe5 17. fxe5 O-O 18. Nf2 Nxf2 19. Rxf2 Ne7 20. g4 Ng6 21. Qf3 Qb6 22. Raf1 Rac8 23. Bg3 Qd8 24. Qe3 Rc7 25. Kh2 b5 26. a3 a5 27. g5 Ne7 28. h4 g6 29. h5 Nf5 30. Rxf5 exf5 31. e6 Re7 32. exf7+ Rfxf7 33. Be5 f4 34. Rxf4 Rxf4 35. Qxf4 Rf7 36. Bf6 Qc7 37. Qxc7 Rxc7 38. h6 Kf7 39. Kg3 b4 40. Be5 Rb7 41. axb4 axb4 42. Bf4 Ke6 0-1

[Event "November 21 Early 2023"]
[Site "https://www.chess.com"]
[Date "2023.11.21"]
[Round "5"]
[White "Novikova, Anna"]
[Black "Gyulamiryan-koryun"]
[Result "1-0"]
[Board "216"]
[TimeControl "180+1"]
[WhiteFideId "4146794"]
[WhiteElo "2110"]
[BlackElo "1898"]
[WhiteTeam "MNE"]
[WhiteClock "0:00:21"]
[BlackClock "0:00:00"]

1. e4 e5 2. Nf3 Nc6 3. Bc4 Nf6 4. Ng5 d5 5. exd5 Na5 6. Bb5+ c6 7. dxc6 bxc6 8. Qf3 Rb8 9. Bd3 h6 10. Ne4 Be7 11. Nxf6+ Bxf6 12. Nc3 O-O 13. O-O Bb7 14. Ne4 c5 15. Nxf6+ Qxf6 16. Qxf6 gxf6 17. b3 Nc6 18. Bb2 Nd4 19. Rfe1 Kh8 20. Bxd4 cxd4 21. Be4 Rg8 22. Bxb7 Rxb7 23. c4 dxc3 24. dxc3 Rd7 25. Rad1 Rgd8 26. Rxd7 Rxd7 27. c4 Rd2 28. Rc1 Kg8 29. c5 Kf8 30. c6 Rd8 31. b4 a6 32. a4 Ke7 33. b5 axb5 34. axb5 Rb8 35. c7 Rc8 36. b6 Kd7 37. Kf1 f5 38. Rd1+ Kc6 39. Rd8 Kb7 40. Rxc8 Kxc8 41. Ke2 f4 42. Kf3 f5 43. g4 fxg4+ 44. Kxg4 1-0